 Dungeon Crawl Stone Soup version 0.26-a0-474-gfaca0e1de5 (webtiles) character file.

Game seed: 15108010169237125788

17 DeltaSign the Chopper (level 2, -10/27 HPs)
             Began as a Minotaur Berserker on July 31, 2020.
             Was a Follower of Trog.
             Mangled by a gnoll
             ... wielding a +0 halberd
              (13 damage)
             ... on level 2 of the Dungeon.
             The game lasted 00:01:03 (817 turns).

DeltaSign the Chopper (Minotaur Berserker)           Turns: 817, Time: 00:01:04

Health: -10/27     AC:  6    Str: 21    XL:     2   Next: 44%
Magic:  1/1        EV: 11    Int:  4    God:    Trog [*.....]
Gold:   103        SH:  0    Dex:  9    Spells: 1/1 levels left

rFire    . . .     SeeInvis .   a - +0 hand axe
rCold    . . .     Faith    .   (no shield)
rNeg     . . .     Spirit   .   o - +0 ring mail
rPois    .         Reflect  .   (helmet restricted)
rElec    .         Harm     .   (no cloak)
rCorr    .                      (no gloves)
MR       .....                  k - +0 pair of boots
Stlth    ..........             (no amulet)
HPRegen  0.09/turn              (no ring)
MPRegen  0.07/turn              (no ring)

@: no status effects
A: retaliatory headbutt, horns 2
a: Berserk, Renounce Religion


You were on level 2 of the Dungeon.
You worshipped Trog.
Trog was aware of your devotion.
You visited 1 branch of the dungeon, and saw 2 of its levels.

You collected 103 gold pieces.

Inventory:

Hand Weapons
 a - a +0 hand axe (weapon)
Armour
 k - a +0 pair of boots (worn)
 o - a +0 ring mail (worn)
Jewellery
 i - an uncursed amulet of the acrobat {unknown}
Scrolls
 b - a scroll of noise {unknown}
 c - a scroll of magic mapping {unknown}
 d - a scroll of teleportation {unknown}
 l - a scroll of identify {unknown}
 m - 2 scrolls of remove curse {unknown}
 n - a scroll of enchant armour {unknown}
Potions
 e - 2 potions of mutation {unknown}
 f - a potion of degeneration {unknown}
 g - 3 potions of berserk rage {unknown}
 h - a potion of magic {unknown}
 j - a potion of cancellation {unknown}


   Skills:
 + Level 3.8 Fighting
 * Level 4.1 Axes
 + Level 2.7 Armour
 + Level 2.4 Dodging


You had one spell level left.
You didn't know any spells.
Your spell library was empty.

Dungeon Overview and Level Annotations

Branches:
Dungeon (2/15)

Altars:


Innate Abilities, Weirdness & Mutations

You reflexively headbutt those who attack you in melee.
You have a pair of horns on your head.


Message History

The giant cockroach bites you.
The adder hisses angrily.
You hit the giant cockroach.
You kill the giant cockroach!
Trog accepts your kill.
A gnoll comes into view. It is wielding a +0 spear.
A worm comes into view.
The gnoll shouts!
The gnoll barely misses you.
There are monsters nearby!
The gnoll hits you from afar with a +0 halberd.
The gnoll hits you with a +0 halberd!
An adder comes into view.
The adder hisses angrily.
You hit the gnoll.
The gnoll is lightly wounded.
The gnoll hits you from afar with a +0 halberd!
* * * LOW HITPOINT WARNING * * *
The gnoll hits you with a +0 halberd!
You die...

#.###......##
#.#.....$...#
##.#.......#.##
#.............###
##.#.#..#.....(.
###.#.....#..#
#......†#..#
#...>......#
######@##### #g#
#g#


gS. ... #..w# #...# ....S You could see a worm, 3 gnolls and 2 adders.

Vanquished Creatures
  A dart slug (D:1)
  A leopard gecko (D:2)
  A giant cockroach (D:2)
  3 goblins (D:1)
  2 kobolds (D:1)
  4 bats
  A frilled lizard (D:2)
  A rat (D:1)
14 creatures vanquished.

Notes
Turn   | Place    | Note
-------+----------+-------------------------------------------
     0 | D:1      | DeltaSign the Minotaur Berserker began the quest for the
                  | Orb.
     0 | D:1      | Reached XP level 1. HP: 19/19 MP: 0/0
   421 | D:1      | Reached XP level 2. HP: 27/27 MP: 1/1
   555 | D:1      | Reached skill level 4 in Axes
   817 | D:2      | Mangled by a gnoll

Illustrated notes

Levels and vault maps discovered:
D:1:      dpeg_arrival_pits, layout_loops_cross
D:2:      layout_loops_cross

Skill      XL: |  1  2 |
---------------+-------+-----
Axes           | 4 |  4.1
Fighting       | |  3.8
Armour         | |  2.7
Dodging        | |  2.4

Action                   || total
-------------------------++-------
Melee: Hand axe          ||    26
       Headbutt          ||     2
Armor: Animal skin       ||     2
       Ring mail         ||     3
Dodge: Dodged            ||    18

Table legend: (Time is in decaauts)
 A = Elapsed time spent in this place.
 B = Non-inter-level travel time spent in this place.
 C = Inter-level travel time spent in this place.
 D = Time resting spent in this place.
 E = Time spent auto-exploring this place.
 F = Levels seen in this place.
 G = Mean time per level.
                   A        B        C        D        E       F      G
               +--------+--------+--------+--------+--------+-----+--------+
         Total |    819 |    812 |      7 |      0 |    712 |   2 |  409.5 |
       Dungeon |    819 |    812 |      7 |      0 |    712 |   2 |  409.5 |
               +--------+--------+--------+--------+--------+-----+--------+

Top non-repeatable levels by time:
     D:1: 750 daAuts
     D:2: 68 daAuts
